 Dungeon Crawl Stone Soup version 0.32-a0-872-g59262bdc9b (webtiles) character file.

Game seed: 8183713644894540706

8980 601d51SH the Blocker (level 11, 0/71 HPs)
             Began as a Gnoll Fighter on Mar 31, 2024.
             Was a Believer of Hepliaklqana.
             Slain by a shadow (20 damage)
             ... on level 11 of the Dungeon.
             The game lasted 00:33:42 (13109 turns).

601d51SH the Blocker (Gnoll Fighter)               Turns: 13109, Time: 00:33:43

Health: 0/71       AC: 25    Str: 23    XL:     11   Next: 39%
Magic:  20/20      EV: 11    Int:  8    God:    Hepliaklqana [**....]
Gold:   464        SH:  7    Dex: 10    Spells: 23/23 levels left

rFire   . . .        U - +2 whip (holy)
rCold   . . .        r - +2 buckler
rNeg    . . .        P - +3 scale mail
rPois   .            F - +0 helmet
rElec   .            b - +0 cloak
rCorr   .            t - +0 pair of gloves
SInv    .            G - +0 pair of boots
Will    .....        (no amulet)
Stlth   ++           z - +4 ring of protection
HPRegen 0.31/turn    M - +4 ring of protection
MPRegen 0.17/turn

%: no passive effects
@: no status effects
A: reduced essence, fangs 1, strong nose, distributed training, frail 1, strong
1, no potion heal 1
a: Renounce Religion, Recall Ancestor, Ancestor Identity


You were on level 11 of the Dungeon.
You worshipped Hepliaklqana.
Hepliaklqana was pleased with you.
You visited 2 branches of the dungeon, and saw 12 of its levels.
You also visited: Sewer and Ossuary.

You collected 747 gold pieces.
You spent 283 gold pieces at shops.

Inventory:

Hand Weapons
 a - a +0 long sword
 w - a +5 spear of freezing
 B - a +3 flail
 H - a +0 dire flail of holy wrath
 I - a +2 whip of venom
 Q - a +3 mace of freezing
 U - a +2 whip of holy wrath (weapon)
Missiles
 h - 5 atropa-tipped darts
 k - 4 throwing nets
 y - 25 poisoned darts (quivered)
Armour
 b - a +0 cloak (worn)
 r - a +2 buckler (worn)
 t - a +0 pair of gloves (worn)
 F - a +0 helmet (worn)
 G - a +0 pair of boots (worn)
 P - a +3 scale mail (worn)
Jewellery
 z - a +4 ring of protection (left hand)
 M - a +4 ring of protection (right hand)
 N - a ring of willpower
 O - a +6 ring of intelligence
Wands
 D - a wand of flame (39)
 R - a wand of mindburst (8)
 S - a wand of roots (13)
Scrolls
 f - 5 scrolls of immolation
 g - 3 scrolls of fog
 i - 5 scrolls of enchant armour
 j - a scroll of vulnerability {unknown}
 l - 6 scrolls of revelation
 m - a scroll of torment {unknown}
 n - a scroll of poison {unknown}
 o - 7 scrolls of teleportation
 x - 4 scrolls of enchant weapon
 A - 2 scrolls of acquirement
 C - a scroll of fear {unknown}
 J - a scroll of summoning {unknown}
 K - 6 scrolls of noise
 L - a scroll of amnesia {unknown}
 T - 2 scrolls of blinking {unknown}
 W - 2 scrolls of identify
Potions
 c - a potion of lignification
 d - 7 potions of might
 e - 4 potions of curing
 p - 2 potions of mutation
 s - 5 potions of attraction
 u - 3 potions of degeneration
 v - 4 potions of cancellation
 E - 2 potions of magic
 V - a potion of resistance {unknown}
 X - a potion of brilliance
 Y - 4 potions of heal wounds {unknown}
 Z - a potion of haste


   Skills:
 + Level 9.3 Fighting
 + Level 6.5 Short Blades
 + Level 8.0 Long Blades
 + Level 6.5 Axes
 + Level 6.5 Maces & Flails
 + Level 6.5 Polearms
 + Level 6.5 Staves
 + Level 6.5 Ranged Weapons
 + Level 6.5 Throwing
 + Level 9.3 Armour
 + Level 6.5 Dodging
 + Level 6.5 Stealth
 + Level 9.3 Shields
 + Level 6.5 Unarmed Combat
 + Level 6.5 Spellcasting
 + Level 5.3 Conjurations
 + Level 5.3 Hexes
 + Level 5.3 Summonings
 + Level 5.3 Necromancy
 + Level 5.3 Translocations
 + Level 5.3 Fire Magic
 + Level 5.3 Ice Magic
 + Level 5.3 Air Magic
 + Level 5.3 Earth Magic
 + Level 5.3 Alchemy
 + Level 7.1 Invocations
 + Level 6.5 Evocations
 + Level 5.9 Shapeshifting


You had 23 spell levels left.
You didn't know any spells.
Your spell library contained the following spells:

 Spells                   Type           Power      Damage    Failure   Level
 Sting                    Conj/Alch      44%        1d5       6%          1
 Ensorcelled Hibernation  Hex/Ice        22%        N/A       10%         2
 Mercury Vapours          Alch/Air       22%        N/A       10%         2
 Mephitic Cloud           Conj/Alch/Air  11%        N/A       19%         3
 Passwall                 Erth           11%        N/A       19%         3
 Swiftness                Air            11%        N/A       19%         3
 Animate Dead             Necr           11%        N/A       52%         4
 Olgreb's Toxic Radiance  Alch           11%        N/A       52%         4
 Borgnjor's Vile Clutch   Necr/Erth      5%         N/A       86%         5
 Freezing Cloud           Conj/Ice/Air   5%         6-21      86%         5
 Death Channel            Necr           5%         N/A       100%        6


Dungeon Overview and Level Annotations

Branches:
Dungeon (11/15)            Temple (1/1) D:7            Lair (0/5) D:9
    Orc (0/2) D:11          Sewer (visited)         Ossuary (visited)

Altars:
Ashenzari
Cheibriados
Dithmenos
Elyvilon
Fedhas
Gozag
Hepliaklqana
Kikubaaqudgha
Makhleb
Nemelex Xobeh
Okawaru
Qazlal
Ru
Sif Muna
Trog
Uskayaw
Vehumet
Wu Jian
Xom
Yredelemnul
Zin
The Shining One

Shops:
D:1 [   D:4 *   D:5 *   D:10 :   D:11 *

Annotations:
D:9 1 transporter


Innate Abilities, Weirdness & Mutations

Your life essence is reduced to manifest your ancestor. (-10% HP)
You have very sharp teeth.
Your uncanny sense of smell can sniff out nearby items.
Your experience applies equally to all skills.
You are frail. (-10% HP)
Your muscles are strong. (Str +4, Int/Dex -1)
Potions are less effective at restoring your health.


Message History

Unknown command.
Orrysiwo hits the ogre zombie with a +0 dagger of draining!
The ogre zombie hits you but does no damage.
Orrysiwo hits the ogre zombie with a +0 dagger of draining.
You are too injured to fight recklessly!
You are too injured to fight recklessly!
Unknown command.
You are too injured to fight recklessly!
You are too injured to fight recklessly!
You are too injured to fight recklessly!
The shadow slips into darkness.
The shadow flickers and vanishes!
Deactivating autopickup; reactivate with Ctrl-A.
An orc zombie comes into view.
The ogre zombie attacks as it pursues you!
You block the ogre zombie's attack.
You whack the ogre zombie!
The ogre zombie convulses.
The ogre zombie is moderately damaged.
You hit the ogre zombie.
The ogre zombie convulses.
The ogre zombie is severely damaged.
You closely miss something. Your bite misses something. You hit something.
The shadow strikes at you from the darkness!
* * * LOW HITPOINT WARNING * * *
Reactivating autopickup.
Orrysiwo has departed this plane of existence.
You hit the shadow but do no damage.
The shadow is moderately damaged.
The shadow closely misses you.
You closely miss the shadow.
The shadow is moderately damaged.
You closely miss the shadow.
The shadow is moderately damaged.
The shadow slips into darkness.
The shadow flickers and vanishes!
Deactivating autopickup; reactivate with Ctrl-A.
You completely miss something.
The shadow strikes at you from the darkness!
You die...
Hepliaklqana delivers you to your ancestors.

# ##### ####
##...######.##
#.............
##............
########............
##K{@................
##Zo##............))).
#ZZK####....##........
#...ZßZZZ.#...##..##.#...
#.....oZR.#...###........
#.....Z...#...# .........
#....Z..Z.###............
.......Z.... .##..>......
............. #..........


You could see an orc, 2 orc zombies, an ogre zombie, a kobold and an orc
skeleton.

Vanquished Creatures
  A two-headed ogre (D:8)
  A cyclops (D:11)
  The ghost of jasper the Chopper, a novice FoFi (D:4)
  The ghost of Biggs the Skirmisher, a novice CoHu (D:5)
  2 hornets
  2 trolls (D:9)
  3 yaks (D:10)
  A wraith (D:10)
  A steam dragon (D:6)
  Edmund (D:4)
  An acid dragon (D:10)
  Duvessa (D:7)
  2 water moccasins
  2 orc warriors (D:7)
  A black bear (D:7)
  An ice beast (D:6)
  2 ogres (D:4)
  5 centaurs
  Blork the orc (D:4)
  3 elf zombies (Ossuary)
  A kobold brigand (D:8)
  6 bullfrogs
  2 brain worms (Sewer)
  A gnoll sergeant (D:10)
  A scorpion (D:4)
  A burial acolyte (Ossuary)
  9 wights (D:8)
  Dowan (D:7)
  3 electric eels (D:8)
  4 howler monkeys
  A centaur zombie (Ossuary)
  2 human zombies (Ossuary)
  2 hounds
  2 jellies
  A bullfrog skeleton (D:7)
  8 orc priests
  Terence (D:3)
  3 iguanas
  A sleepcap (D:6)
  Natasha (thrice) (D:4 D:3)
  8 orc wizards
  2 scorpion zombies (D:7)
  A killer bee zombie (Ossuary)
  A bullfrog simulacrum (Ossuary)
  3 hound zombies (Ossuary)
  3 mummies (Ossuary)
  3 gnolls (D:10)
  A howler monkey skeleton (D:7)
  10 adders
  2 river rats (Sewer)
  A shadow imp (D:7)
  A white imp (D:6)
  5 adder zombies (Ossuary)
  3 dart slugs
  A ribbon worm (D:5)
  37 orcs
  3 bats
  12 endoplasms
  3 giant cockroaches
  11 goblins
  9 hobgoblins
  9 quokkas
  18 ball pythons
  3 ball python zombies (Ossuary)
  11 frilled lizards
  A gnoll skeleton (D:11)
  A gnoll zombie (D:11)
  5 jackal zombies (Ossuary)
  14 kobolds
  5 kobold zombies (Ossuary)
  5 orc zombies
  7 rats
285 creatures vanquished.

Vanquished Creatures (collateral kills)
  Nergalle (D:11)
  A hornet (D:11)
  A yak (D:10)
  A shadow (D:11)
  A steam dragon (D:9)
  A centaur (D:11)
  2 ogre zombies (D:11)
  A gnoll skeleton (D:11)
  An orc skeleton (D:11)
  4 orc zombies (D:11)
14 creatures vanquished.

Vanquished Creatures (others)
  A hexer (D:11)
1 creature vanquished.

Grand Total: 300 creatures vanquished

Notes
Turn   | Place    | Note
-------+----------+-------------------------------------------
     0 | D:1      | 601d51SH the Gnoll Fighter began the quest for the Orb.
     0 | D:1      | Reached XP level 1. HP: 23/23 MP: 1/1
    46 | D:1      | Found Velaczupu's Antique Armour Boutique.
   109 | D:1      | Reached XP level 2. HP: 29/29 MP: 2/2
   574 | D:1      | Reached XP level 3. HP: 35/35 MP: 3/3
   752 | D:1      | Reached skill level 1 in Invocations
  1228 | D:2      | Reached skill level 1 in Short Blades
  1228 | D:2      | Reached skill level 1 in Axes
  1228 | D:2      | Reached skill level 1 in Maces & Flails
  1228 | D:2      | Reached skill level 1 in Polearms
  1228 | D:2      | Reached skill level 1 in Staves
  1228 | D:2      | Reached skill level 1 in Ranged Weapons
  1228 | D:2      | Reached skill level 1 in Throwing
  1228 | D:2      | Reached skill level 1 in Dodging
  1228 | D:2      | Reached skill level 1 in Stealth
  1228 | D:2      | Reached skill level 1 in Unarmed Combat
  1228 | D:2      | Reached skill level 1 in Spellcasting
  1228 | D:2      | Reached skill level 1 in Evocations
  1573 | D:2      | Reached skill level 1 in Shapeshifting
  1573 | D:2      | Reached XP level 4. HP: 25/41 MP: 5/5
  2112 | D:3      | Reached skill level 1 in Conjurations
  2112 | D:3      | Reached skill level 1 in Hexes
  2112 | D:3      | Reached skill level 1 in Summonings
  2112 | D:3      | Reached skill level 1 in Necromancy
  2112 | D:3      | Reached skill level 1 in Translocations
  2112 | D:3      | Reached skill level 1 in Fire Magic
  2112 | D:3      | Reached skill level 1 in Ice Magic
  2112 | D:3      | Reached skill level 1 in Air Magic
  2112 | D:3      | Reached skill level 1 in Earth Magic
  2112 | D:3      | Reached skill level 1 in Alchemy
  2262 | D:3      | Found a faded altar of an unknown god.
  2828 | D:3      | Reached XP level 5. HP: 38/47 MP: 7/7
  2964 | D:3      | Noticed Terence
  2978 | D:3      | Killed Terence
  3574 | D:4      | Found Xoxked's General Store.
  3588 | D:4      | Bought 5 atropa-tipped darts for 58 gold pieces
  3613 | D:4      | Noticed Blork the orc
  3628 | D:4      | Killed Blork the orc
  3629 | D:4      | Reached XP level 6. HP: 16/53 MP: 8/8
  3912 | D:4      | Noticed jasper's ghost (novice FoFi)
  3913 | D:4      | Found a transporter.
  3923 | D:4      | Noticed Natasha
  3933 | D:4      | Killed Natasha
  3936 | D:4      | Noticed Natasha
  3949 | D:4      | Killed Natasha
  3950 | D:4      | Reached skill level 5 in Long Blades
  3994 | D:4      | Noticed Edmund
  4042 | D:4      | Noticed Natasha
  4077 | D:3      | Killed Natasha
  4450 | D:4      | Killed Edmund
  4451 | D:4      | Reached XP level 7. HP: 60/60 MP: 10/10
  4659 | D:4      | Found a transporter.
  4691 | D:5      | Entered Level 5 of the Dungeon
  4693 | D:5      | Found a runed translucent door.
  4788 | D:5      | Found a snail-covered altar of Cheibriados.
  4849 | D:5      | Found a glowing drain.
  4880 | Sewer    | Entered a sewer
  5274 | D:5      | Found Qiomis's Assorted Antiques.
  5295 | D:5      | Bought 3 scrolls of identify for 150 gold pieces
  5295 | D:5      | Bought a scroll of identify for 50 gold pieces
  5331 | D:5      | Reached XP level 8. HP: 67/67 MP: 12/12
  5446 | D:5      | Noticed Biggs's ghost (novice CoHu)
  5508 | D:4      | HP: 2/67 [jasper's ghost (11)]
  5511 | D:4      | Gained mutation: You are frail. (-10% HP) [potion of
                  | mutation]
  5511 | D:4      | Gained mutation: Potions are less effective at restoring
                  | your health. [potion of mutation]
  5511 | D:4      | Gained mutation: Your muscles are strong. (Str +4, Int/Dex
                  | -1) [potion of mutation]
  5710 | D:4      | HP: 1/60 [jasper's ghost (14)]
  5714 | D:4      | Killed jasper's ghost
  5949 | D:4      | Identified 2 scrolls of acquirement
  6260 | D:5      | Bought a scroll labelled EBOH LOOSU for 25 gold pieces
  6320 | D:5      | Killed Biggs's ghost
  6440 | D:6      | Reached XP level 9. HP: 65/65 MP: 13/15
  7358 | D:7      | Found a staircase to the Ecumenical Temple.
  7417 | D:7      | Found a sand-covered staircase.
  7432 | Ossuary  | Entered an ossuary
  7602 | Ossuary  | Reached skill level 5 in Invocations
  7910 | Temple   | Entered the Ecumenical Temple
  7955 | Temple   | Became a worshipper of Hepliaklqana the Forgotten
  8288 | D:7      | Noticed Duvessa
  8288 | D:7      | Noticed Dowan
  8325 | D:7      | Killed Dowan
  8335 | D:7      | Killed Duvessa
  8440 | D:7      | Reached skill level 5 in Short Blades
  8440 | D:7      | Reached skill level 5 in Axes
  8440 | D:7      | Reached skill level 5 in Maces & Flails
  8440 | D:7      | Reached skill level 5 in Polearms
  8440 | D:7      | Reached skill level 5 in Staves
  8440 | D:7      | Reached skill level 5 in Ranged Weapons
  8440 | D:7      | Reached skill level 5 in Throwing
  8440 | D:7      | Reached skill level 5 in Dodging
  8440 | D:7      | Reached skill level 5 in Stealth
  8440 | D:7      | Reached skill level 5 in Unarmed Combat
  8440 | D:7      | Reached skill level 5 in Spellcasting
  8440 | D:7      | Reached skill level 5 in Evocations
  8440 | D:7      | Reached XP level 10. HP: 72/72 MP: 17/17
  8849 | D:8      | Noticed a two-headed ogre
  8868 | D:8      | Killed a two-headed ogre
  8879 | D:8      | HP: 1/72 [water moccasin (7)]
  9421 | D:8      | Reached skill level 5 in Shapeshifting
  9478 | D:8      | Paralysed by a hornet for 3 turns
 10574 | D:9      | Found a transporter.
 10594 | D:9      | Found a transporter.
 10596 | D:9      | Found a transporter.
 10631 | D:9      | Found a staircase to the Lair.
 10718 | D:9      | Paralysed by a hornet for 2 turns
 10978 | D:9      | Reached * piety under Hepliaklqana
 11129 | D:9      | Found a sacrificial altar of Ru.
 11243 | D:9      | Found a transporter.
 11252 | D:9      | Reached skill level 5 in Conjurations
 11252 | D:9      | Reached skill level 5 in Hexes
 11252 | D:9      | Reached skill level 5 in Summonings
 11252 | D:9      | Reached skill level 5 in Necromancy
 11252 | D:9      | Reached skill level 5 in Translocations
 11252 | D:9      | Reached skill level 5 in Fire Magic
 11252 | D:9      | Reached skill level 5 in Ice Magic
 11252 | D:9      | Reached skill level 5 in Air Magic
 11252 | D:9      | Reached skill level 5 in Earth Magic
 11252 | D:9      | Reached skill level 5 in Alchemy
 11760 | D:10     | Entered Level 10 of the Dungeon
 11782 | D:10     | Reached XP level 11. HP: 71/71 MP: 20/20
 12160 | D:10     | Reached ** piety under Hepliaklqana
 12166 | D:10     | Remembered your ancestor Orrysiwo as a hexer
 12440 | D:10     | Found Ufugraep's Tremendous Tomes.
 12683 | D:11     | Noticed Nergalle
 12695 | D:11     | Killed Nergalle
 12852 | D:11     | Found Aareucakh's Alliterative Armaments.
 12859 | D:11     | Noticed a cyclops
 12869 | D:11     | Killed a cyclops
 12912 | D:11     | Paralysed by a hornet for 1 turns
 13090 | D:11     | Found a staircase to the Orcish Mines.
 13109 | D:11     | Slain by a shadow

Illustrated notes

Levels and vault maps discovered:
D:1:      amcnicky_arrival_flooded_fountain, layout_loops_ring, serial_shops,
          shop, minmay_hedge_maze
D:2:      layout_loops_corners
D:3:      layout_loops_corners, basic_ecumenical_altar, minivault_5,
          minmay_snake_closets, uniq_terence
D:4:      layout_rooms, serial_shops, shop, gammafunk_ghost_smash,
          uniq_blork_the_orc, uniq_edmund, uniq_natasha
D:5:      layout_gridville, slow_altar_1, serial_shops, shop,
          ebering_ghost_reflecting_pool, portal_sewer_entry_f
D:6:      layout_gridville
D:7:      layout_basic, minmay_temple_entry_ruins,
          mainiacjoe_ossuary_entry_find_the_door, glass_columns_b,
          minmay_crossroads, uniq_duvessa
D:8:      layout_rooms, nicolae_water_bricks, nicolae_wwwww, fungi_pond_lemuel
D:9:      lemuel_ice_spiral_2, layout_stronghold, hangedman_ru_absence,
          lair_entry_dummy, st_stairs_7, nicolae_diode_intersection
D:10:     layout_basic, serial_glass, glass_columns_c, glass_columns_a,
          nicolae_shop_i_like_big_books, dk_vineyard_2
D:11:     layout_cave_pools, zombieorc2_lemuel, solitary_fountain,
          monkooky_shop_alliterative, uniq_nergalle, uniq_maurice
Temple:   mainiacjoe_temple_big_plus

Skill      XL: |  1  2  3  4  5  6  7  8  9 10 11 |
---------------+----------------------------------+-----
Invocations    | 1 2 3 4 5 6 7 |  7.1
Short Blades   | 1 2 3 4 5 6 |  6.5
Axes           | 1 2 3 4 5 6 |  6.5
Maces & Flails | 1 2 3 4 5 6 |  6.5
Polearms       | 1 2 3 4 5 6 |  6.5
Staves         | 1 2 3 4 5 6 |  6.5
Ranged Weapons | 1 2 3 4 5 6 |  6.5
Throwing       | 1 2 3 4 5 6 |  6.5
Dodging        | 1 2 3 4 5 6 |  6.5
Stealth        | 1 2 3 4 5 6 |  6.5
Unarmed Combat | 1 2 3 4 5 6 |  6.5
Spellcasting   | 1 2 3 4 5 6 |  6.5
Evocations     | 1 2 3 4 5 6 |  6.5
Shapeshifting  | 1 2 3 4 5 |  5.9
Conjurations   | 1 2 3 4 5 |  5.3
Hexes          | 1 2 3 4 5 |  5.3
Summonings     | 1 2 3 4 5 |  5.3
Necromancy     | 1 2 3 4 5 |  5.3
Translocations | 1 2 3 4 5 |  5.3
Fire Magic     | 1 2 3 4 5 |  5.3
Ice Magic      | 1 2 3 4 5 |  5.3
Air Magic      | 1 2 3 4 5 |  5.3
Earth Magic    | 1 2 3 4 5 |  5.3
Alchemy        | 1 2 3 4 5 |  5.3
Long Blades    | 5 6 7 8 |  8.0
Fighting       | 7 8 9 |  9.3
Armour         | 7 8 9 |  9.3
Shields        | 7 8 9 |  9.3

Action                     |  1- 3 |  4- 6 |  7- 9 | 10-12 || total
---------------------------+-------+-------+-------+-------++-------
  Melee: Long sword        |   173 |   217 |    10 |       ||   400
         Bite              |    19 |    20 |    61 |    57 ||   157
         Whip              |       |       |   391 |   192 ||   583
         Dire flail        |       |       |   156 |       ||   156
         Spear             |       |       |       |   271 ||   271
 Invoke: Ancestor Life: He |       |       |       |     1 ||     1
    Use: Scroll            |       |     5 |     7 |     1 ||    13
         Potion            |       |       |     4 |     5 ||     9
   Stab: Invisible         |       |       |       |     3 ||     3
         Sleeping          |       |       |       |     1 ||     1
         Confused          |       |       |       |     3 ||     3
         Distracted        |       |       |       |     1 ||     1
 Armour: Scale mail        |   125 |   204 |   490 |   342 ||  1161
         Skin              |       |       |       |     9 ||     9
  Dodge: Dodged            |    56 |    86 |   296 |   215 ||   653
  Block: Buckler           |    49 |   107 |   162 |   197 ||   515

Table legend: (Time is in decaauts)
 A = Elapsed time spent in this place.
 B = Non-inter-level travel time spent in this place.
 C = Inter-level travel time spent in this place.
 D = Time resting spent in this place.
 E = Time spent auto-exploring this place.
 F = Levels seen in this place.
 G = Mean time per level.
                   A        B        C        D        E       F      G
               +--------+--------+--------+--------+--------+-----+--------+
         Total |  13184 |  12045 |   1139 |   1904 |   6346 |  14 |  941.7 |
       Dungeon |  12252 |  11177 |   1075 |   1791 |   6346 |  11 | 1113.8 |
        Temple |     67 |      3 |     64 |      0 |      0 |   1 |   67.0 |
         Sewer |    414 |    414 |      0 |      0 |      0 |   1 |  414.0 |
       Ossuary |    449 |    449 |      0 |    113 |      0 |   1 |  449.0 |
               +--------+--------+--------+--------+--------+-----+--------+

Top non-repeatable levels by time:
     D:3: 1960 daAuts
     D:8: 1612 daAuts
     D:4: 1311 daAuts
     D:9: 1238 daAuts
     D:7: 1137 daAuts
     D:2: 1072 daAuts
     D:1: 971 daAuts
    D:10: 873 daAuts
     D:6: 833 daAuts
     D:5: 790 daAuts
    D:11: 453 daAuts
 Ossuary: 449 daAuts
   Sewer: 414 daAuts
  Temple: 67 daAuts
